 Dungeon Crawl Stone Soup version 0.30-a0-622-gddc90eaa04 (webtiles) character file.

Game seed: 8160833612794464235

26425 themarg the Martial Artist (level 13, -2/100 HPs)
             Began as a Gnoll Transmuter on Jan 11, 2023.
             Was a High Priest of Jiyva.
             Shot with an arrow by Nessos (9 damage)
             ... on level 3 of the Lair of Beasts.
             The game lasted 00:32:09 (11242 turns).

themarg the Martial Artist (Gnoll Transmuter)      Turns: 11242, Time: 00:32:09

Health: -2/100     AC:  4    Str: 23    XL:     13   Next: 25%
Magic:  14/26      EV: 15    Int: 16    God:    Jiyva [*****.]
Gold:   591        SH:  5    Dex: 11    Spells: 13/31 levels left

rFire   + . .      SeeInvis .      - Unarmed
rCold   . . .      Faith    .    (shield currently unavailable)
rNeg    + . .      Spirit   .    a - +0 robe
rPois   .          Reflect  +    (no helmet)
rElec   .          Harm     .    (no cloak)
rCorr   +          Rampage  .    (gloves currently unavailable)
Will    +....                    (boots unavailable)
Stlth   ++++                     h - amulet of reflection
HPRegen 1.80/turn                g - ring of positive energy
MPRegen 0.65/turn                E - +6 ring of strength

@: lethally poisoned (-2 -> -31), blade hands, slimy, very slightly contaminated
A: fangs 1, strong nose, distributed training, hooves 3, iridescent scales 1,
fire resistance 1, strong-willed 1, strong 2, wild magic 3, eyeballs 1, jelly
sensing items, jelly absorbing missiles
a: End Transformation, Renounce Religion, Oozemancy, Slimify


You were on level 3 of the Lair of Beasts.
You worshipped Jiyva.
Jiyva was extremely pleased with you.
You had blades for hands.
You visited 2 branches of the dungeon, and saw 14 of its levels.

You collected 591 gold pieces.

Inventory:

Hand Weapons
 M - the +3 dagger "Wuaxis" {heavy, *Corrode Str+8}
   (You found it on level 11 of the Dungeon)

   Str:       It affects your strength (+8).
   *Corrode:  It may corrode you when you take damage.
Missiles
 k - 73 stones
 n - 12 atropa-tipped darts
 t - 17 poisoned darts
 G - 3 curare-tipped darts
Armour
 a - a +0 robe (worn)
 m - a +0 leather armour
 C - +0 acid dragon scales
 F - a +1 pair of boots
 I - a +2 pair of gloves (melded)
Magical Staves
 v - a staff of fire
Jewellery
 g - a ring of positive energy (left blade hand)
 h - an amulet of reflection (around neck)
 w - a ring of protection from fire
 E - a +6 ring of strength (right blade hand)
 L - a ring of poison resistance
 R - a +4 ring of protection
Wands
 u - a wand of digging (3)
 D - a wand of flame (9)
 O - a wand of paralysis (5)
Scrolls
 c - a scroll of vulnerability
 e - 3 scrolls of torment
 f - 2 scrolls of enchant weapon
 i - a scroll of amnesia {unknown}
 j - a scroll of fear
 l - a scroll of acquirement {unknown}
 q - 5 scrolls of teleportation
 x - 2 scrolls of noise
 y - 2 scrolls of magic mapping
 z - 2 scrolls of blinking {unknown}
 B - a scroll of brand weapon {unknown}
 J - 2 scrolls of fog {unknown}
 N - 2 scrolls of enchant armour
 S - a scroll of silence {unknown}
Potions
 b - 3 potions of lignification
 d - 5 potions of attraction
 o - 3 potions of brilliance
 p - a potion of magic
 r - 3 potions of curing
 s - 2 potions of ambrosia
 A - 3 potions of haste
 H - 2 potions of resistance
 K - 3 potions of heal wounds
 P - 2 potions of berserk rage {unknown}
 Q - a potion of mutation {unknown}


   Skills:
 + Level 8.9 Fighting
 + Level 8.4 Short Blades
 + Level 8.4 Long Blades
 + Level 8.4 Axes
 + Level 8.4 Maces & Flails
 + Level 8.4 Polearms
 + Level 8.4 Staves
 + Level 8.4 Ranged Weapons
 + Level 8.4 Throwing
 + Level 8.4 Armour
 + Level 9.6 Dodging
 + Level 8.4 Stealth
 + Level 8.4 Shields
 + Level 10.7 Unarmed Combat
 + Level 9.9 Spellcasting
 + Level 7.0 Conjurations
 + Level 7.0 Hexes
 + Level 7.0 Summonings
 + Level 7.0 Necromancy
 + Level 7.0 Translocations
 + Level 8.1 Transmutations
 + Level 7.0 Fire Magic
 + Level 7.0 Ice Magic
 + Level 7.0 Air Magic
 + Level 7.0 Earth Magic
 + Level 7.0 Poison Magic
 + Level 9.2 Invocations
 + Level 8.4 Evocations


You had 13 spell levels left.
You knew the following spells:

 Your Spells              Type           Power      Damage    Failure   Level
a - Beastly Appendage     Tmut           100%       N/A       30%         1
b - Wereblood             Tmut           59%        N/A       32%         2
c - Spider Form           Tmut/Pois      57%        N/A       41%         3
d - Ice Form              Ice/Tmut       57%        N/A       56%         4
e - Blade Hands           Tmut           29%        N/A       71%         5
f - Mephitic Cloud        Conj/Pois/Air  55%        N/A       43%         3

Your spell library contained the following spells:

 Spells                   Type           Power      Damage    Failure   Level
 Magic Dart               Conj           100%       1d8       32%         1
 Sandblast                Erth           100%       2d20      32%         1
 Passwall                 Tmut/Erth      47%        N/A       34%         2
 Call Imp                 Summ           55%        N/A       36%         2
 Searing Ray              Conj           100%       2d8       36%         2
 Static Discharge         Conj/Air       100%       2-7/arc   36%         2
 Stone Arrow              Conj/Erth      100%       3d13      43%         3
 Vhi's Electric Charge    Tloc/Air       100%       N/A       43%         3
 Animate Armour           Summ/Erth      100%       N/A       58%         4
 Sticky Flame             Conj/Fire      55%        2d7       58%         4
 Alistair's Intoxication  Tmut/Pois      38%        N/A       75%         5
 Arcjolt                  Conj/Air       27%        1d37      78%         5
 Lightning Bolt           Conj/Air       27%        1d44      78%         5
 Iron Shot                Conj/Erth      27%        9d6       98%         6


Dungeon Overview and Level Annotations

Branches:
Dungeon (11/15)            Temple (0/1) D:4            Lair (3/5) D:10
  Swamp (0/4) Lair:3       Spider (0/4) Lair:2          Orc (0/2) D:10

Altars:
Gozag
Sif Muna
Vehumet
Jiyva

Shops:
D:2 (   D:5 *   D:10 (*

Portals:
Ice
Cave: Lair:3

Annotations:
D:6 2 transporters, bmack86's ghost, novice MiFi
D:7 2 transporters
Lair:3 Nessos


Innate Abilities, Weirdness & Mutations

You have blades for hands.
Your spellcasting is less reliable in this form.
You are incapable of wielding weapons or throwing items.
You have very sharp teeth.
Your uncanny sense of smell can sniff out nearby items.
Your experience applies equally to all skills.
You have hooves in place of feet.
You are partially covered in iridescent scales. (AC +2)
Your flesh is heat resistant. (rF+)
You are strong-willed. (Will+)
Your muscles are very strong. (Str +8, Int/Dex -2)
Your spells are much harder to cast, but much more powerful.
Your body has grown eyes which may confuse attackers. (Acc +3)
You have a small jelly attached to you that senses nearby items.
You have a small jelly attached to you that may absorb projectiles.


Message History

Your hands turn into razor-sharp scythe blades.
Your +2 pair of gloves melds into your body.
You feel very sick.
Nessos stands on their hind legs for a moment.
Nessos shoots an arrow.
The arrow closely misses you.
Aiming: Mephitic Cloud (dangerous; 43% risk of failure)
Press: ? - help, Shift-Dir - straight line, f - Nessos
Aim: Nessos, wielding a +3 longbow of flaming and wearing a +0 barding (fast, chance to affect: 58%)
You miscast Mephitic Cloud.
You are very lightly contaminated with residual magic.
You feel incredibly sick!
You are more poisoned.
You feel very sick.
Nessos shoots an arrow.
The arrow hits you! The arrow burns you.
You are more poisoned.
Nessos shoots an arrow.
The arrow closely misses you.
Aiming: Mephitic Cloud (dangerous; 43% risk of failure)
Press: ? - help, Shift-Dir - straight line, f/p - Nessos
Aim: Nessos, wielding a +3 longbow of flaming and wearing a +0 barding (fast, chance to affect: 58%)
The ball explodes into a vile cloud!
The stinking cloud engulfs Nessos but does no damage.
You feel very sick.
Nessos is engulfed in noxious fumes.
Nessos shoots an arrow.
The arrow hits you!
Your attached jelly eats the arrow!
You feel better. The arrow burns you.
You are more poisoned.
You hear a bark!
A thick mucus forms on your blade hands.
You feel extremely sick.
Nessos shoots an arrow.
The arrow hits you!!
* * * LOW HITPOINT WARNING * * *
You shudder from the blast and a jelly pops out!
Your attached jelly eats the arrow!
You feel better. The arrow burns you.
You are lethally poisoned!
* * * LOW HITPOINT WARNING * * *
Nessos casts a spell.
Nessos blinks!
* * * LOW HITPOINT WARNING * * *
You feel extremely sick.
Nessos shoots an arrow.
The arrow hits you!
You die...

### ##########.#####
####.##....c......##.
###....###........^....
#......................
##............J........
#..............@.......
##...............§...#.
#P...#...........☼.○.# #
#P...#...........☼○○.# .
###..##..........○.°.# ###.
#..##......).......# #...
#..##.............#.# ...#
#P.###............### ##..#
###...........##...#######..#


You could see Nessos (fast, ally target) and a friendly quicksilver ooze
(summoned).

Vanquished Creatures
  Josephine (D:10)
  A catoblepas (Lair:3)
  2 two-headed ogres
  7 death yaks
  Amaemon (Lair:3)
  2 bog bodies (Lair:3)
  A cyclops (D:10)
  9 elephants
  A black mamba (Lair:3)
  An orange demon (Lair:3)
  3 cane toads
  4 komodo dragons
  Psyche (D:8)
  2 rime drakes (Lair:3)
  A polar bear (D:9)
  A hornet (D:10)
  5 blink frogs (Lair:3)
  A shadow (D:9)
  An unseen horror simulacrum (D:9)
  33 yaks
  A wyvern (D:11)
  3 wraiths (D:10)
  A basilisk (Lair:3)
  A death yak simulacrum (Lair:3)
  2 redbacks (Lair:2)
  3 acid dragons
  9 water moccasins
  3 orc warriors
  2 black bears (D:6)
  5 ice beasts
  An ogre (D:5)
  A centaur (D:11)
  2 wolves (D:9)
  A kobold brigand (D:9)
  4 bullfrogs
  2 cane toad simulacra (Lair:3)
  3 scorpions
  A hornet simulacrum (D:9)
  An elephant simulacrum (Lair:3)
  An electric eel (D:9)
  9 howler monkeys
  2 gnoll boudas
  A hound (D:6)
  2 orc priests
  2 iguanas
  6 orc wizards
  4 hell rats (Lair:1)
  2 centaur simulacra (D:9)
  9 adders
  10 gnolls
  8 white imps
  4 ufetubi (D:9)
  A worm (D:3)
  4 dart slugs
  32 orcs
  An endoplasm (D:1)
  5 giant cockroaches
  6 goblins
  3 hobgoblins
  3 jackals (D:3)
  6 quokkas
  5 ball pythons
  6 bats
  3 frilled lizards
  9 kobolds
  5 rats
273 creatures vanquished.

Vanquished Creatures (collateral kills)
  A komodo dragon (D:11)
1 creature vanquished.

Vanquished Creatures (others)
  15 jellies
  2 quasits (D:6)
  A hound (D:7)
  An orc priest (D:8)
  A hell rat (Lair:1)
  An iguana (D:5)
  2 adders
  A white imp (D:7)
  6 orcs
  2 ball pythons
  An endoplasm (D:3)
  2 goblins
  A bat (D:2)
  A frilled lizard (D:2)
  A kobold (D:4)
  A rat (D:2)
  15 fungi
  27 plants
  8 withered plants (D:1)
89 creatures vanquished.

Grand Total: 363 creatures vanquished

Notes
Turn   | Place    | Note
-------+----------+-------------------------------------------
     0 | D:1      | themarg the Gnoll Transmuter began the quest for the Orb.
     0 | D:1      | Reached XP level 1. HP: 17/17 MP: 6/6
    65 | D:1      | Reached XP level 2. HP: 23/23 MP: 7/7
    68 | D:1      | Learned a level 2 spell: Wereblood
   412 | D:1      | Found a faded altar of an unknown god.
   436 | D:1      | Prayed at the altar of an unknown god.
   436 | D:1      | Became a worshipper of Jiyva Jyluigh the Shapeless
   436 | D:1      | Reached * piety under Jiyva
   579 | D:2      | Reached skill level 5 in Spellcasting
   579 | D:2      | Reached XP level 3. HP: 28/28 MP: 7/9
   583 | D:2      | Learned a level 3 spell: Spider Form
   652 | D:2      | Found Manimpag's Weapon Emporium.
   923 | D:2      | Reached ** piety under Jiyva
  1044 | D:3      | Reached skill level 1 in Invocations
  1106 | D:3      | Reached skill level 1 in Short Blades
  1106 | D:3      | Reached skill level 1 in Long Blades
  1106 | D:3      | Reached skill level 1 in Axes
  1106 | D:3      | Reached skill level 1 in Maces & Flails
  1106 | D:3      | Reached skill level 1 in Polearms
  1106 | D:3      | Reached skill level 1 in Staves
  1106 | D:3      | Reached skill level 1 in Ranged Weapons
  1106 | D:3      | Reached skill level 1 in Throwing
  1106 | D:3      | Reached skill level 1 in Armour
  1106 | D:3      | Reached skill level 1 in Stealth
  1106 | D:3      | Reached skill level 1 in Shields
  1106 | D:3      | Reached skill level 1 in Evocations
  1109 | D:3      | Reached XP level 4. HP: 34/34 MP: 9/11
  1142 | D:3      | Reached skill level 1 in Conjurations
  1142 | D:3      | Reached skill level 1 in Hexes
  1142 | D:3      | Reached skill level 1 in Summonings
  1142 | D:3      | Reached skill level 1 in Necromancy
  1142 | D:3      | Reached skill level 1 in Translocations
  1142 | D:3      | Reached skill level 1 in Fire Magic
  1142 | D:3      | Reached skill level 1 in Ice Magic
  1142 | D:3      | Reached skill level 1 in Air Magic
  1142 | D:3      | Reached skill level 1 in Earth Magic
  1142 | D:3      | Reached skill level 1 in Poison Magic
  1265 | D:3      | Found a shimmering blue altar of Sif Muna.
  1265 | D:3      | Found a radiant altar of Vehumet.
  1355 | D:3      | Reached *** piety under Jiyva
  1395 | D:3      | Reached XP level 5. HP: 29/40 MP: 12/12
  1484 | D:3      | Gained mutation: You are partially covered in iridescent
                  | scales. (AC +2) [Jiyva's grace]
  1484 | D:3      | Gained mutation: You are mostly covered in iridescent
                  | scales. (AC +4) [Jiyva's grace]
  1484 | D:3      | Gained mutation: You are completely covered in iridescent
                  | scales. (AC +6) [Jiyva's grace]
  1484 | D:3      | Gained mutation: You are robust. (+10% HP) [Jiyva's grace]
  1855 | D:4      | Found a staircase to the Ecumenical Temple.
  1863 | D:4      | Reached XP level 6. HP: 51/51 MP: 13/13
  2248 | D:5      | Entered Level 5 of the Dungeon
  2306 | D:5      | Reached **** piety under Jiyva
  2417 | D:5      | Reached skill level 5 in Dodging
  2815 | D:5      | Found Gozag's Platinum Reserve.
  2958 | D:5      | Reached skill level 7 in Unarmed Combat
  2958 | D:5      | Reached XP level 7. HP: 57/57 MP: 15/15
  3508 | D:5      | Found an opulent altar of Gozag.
  3520 | D:5      | Learned a level 4 spell: Ice Form
  3967 | D:6      | Reached ***** piety under Jiyva
  3988 | D:6      | Gained mutation: You are covered in slimy tendrils that may
                  | disarm your opponents. [Jiyva's grace]
  3988 | D:6      | Gained mutation: Your flesh is heat resistant. (rF+)
                  | [Jiyva's grace]
  3988 | D:6      | Gained mutation: Your flesh is very heat resistant. (rF++)
                  | [Jiyva's grace]
  3988 | D:6      | Gained mutation: Your flesh is almost immune to the effects
                  | of heat. (rF+++) [Jiyva's grace]
  4004 | D:6      | Noticed bmack86's ghost (novice MiFi)
  4012 | D:6      | Found a transporter.
  4124 | D:6      | Reached XP level 8. HP: 62/66 MP: 14/16
  4418 | D:6      | Found a transporter.
  5244 | D:7      | Found a transporter.
  5245 | D:7      | Found a transporter.
  5249 | D:7      | Noticed an ogre mage
  5500 | D:8      | Lost mutation: You are robust. (+10% HP) [Jiyva's grace]
  5500 | D:8      | Lost mutation: You are covered in slimy tendrils that may
                  | disarm your opponents. [Jiyva's grace]
  5500 | D:8      | Gained mutation: You are strong-willed. (Will+) [Jiyva's
                  | grace]
  5500 | D:8      | Gained mutation: You are highly strong-willed. (Will++)
                  | [Jiyva's grace]
  5500 | D:8      | Gained mutation: You are extremely strong-willed. (Will+++)
                  | [Jiyva's grace]
  5500 | D:8      | Gained mutation: You are covered in slimy tendrils that may
                  | disarm your opponents. [Jiyva's grace]
  5725 | D:8      | Noticed a yak
  5727 | D:8      | Noticed a yak
  5729 | D:8      | Noticed a yak
  5743 | D:8      | Killed a yak
  5752 | D:8      | Killed a yak
  5753 | D:8      | Reached skill level 5 in Transmutations
  5753 | D:8      | Reached XP level 9. HP: 66/66 MP: 18/18
  5944 | D:8      | Noticed Psyche
  5951 | D:8      | Killed Psyche
  5952 | D:8      | Reached skill level 5 in Fighting
  6335 | D:9      | Reached ****** piety under Jiyva
  6396 | D:9      | Reached skill level 8 in Unarmed Combat
  6442 | D:9      | Noticed a polar bear
  6450 | D:9      | Noticed a death yak
  6452 | D:9      | Killed a polar bear
  6453 | D:9      | Reached skill level 5 in Invocations
  6465 | D:9      | Killed a death yak
  6466 | D:9      | Reached skill level 5 in Short Blades
  6466 | D:9      | Reached skill level 5 in Long Blades
  6466 | D:9      | Reached skill level 5 in Axes
  6466 | D:9      | Reached skill level 5 in Maces & Flails
  6466 | D:9      | Reached skill level 5 in Polearms
  6466 | D:9      | Reached skill level 5 in Staves
  6466 | D:9      | Reached skill level 5 in Ranged Weapons
  6466 | D:9      | Reached skill level 5 in Throwing
  6466 | D:9      | Reached skill level 5 in Armour
  6466 | D:9      | Reached skill level 5 in Stealth
  6466 | D:9      | Reached skill level 5 in Shields
  6466 | D:9      | Reached skill level 5 in Evocations
  6466 | D:9      | Reached XP level 10. HP: 67/76 MP: 20/20
  7113 | D:10     | Entered Level 10 of the Dungeon
  7141 | D:10     | Found a staircase to the Orcish Mines.
  7182 | D:10     | Noticed Josephine
  7195 | D:10     | Killed Josephine
  7200 | D:10     | Reached skill level 9 in Unarmed Combat
  7253 | D:10     | Noticed a two-headed ogre
  7261 | D:10     | Killed a two-headed ogre
  7262 | D:10     | Reached skill level 5 in Conjurations
  7262 | D:10     | Reached skill level 5 in Hexes
  7262 | D:10     | Reached skill level 5 in Summonings
  7262 | D:10     | Reached skill level 5 in Necromancy
  7262 | D:10     | Reached skill level 5 in Translocations
  7262 | D:10     | Reached skill level 5 in Fire Magic
  7262 | D:10     | Reached skill level 5 in Ice Magic
  7262 | D:10     | Reached skill level 5 in Air Magic
  7262 | D:10     | Reached skill level 5 in Earth Magic
  7262 | D:10     | Reached skill level 5 in Poison Magic
  7262 | D:10     | Reached XP level 11. HP: 83/83 MP: 20/23
  7463 | D:10     | Noticed a cyclops
  7469 | D:10     | Killed a cyclops
  7475 | D:10     | Found Iretemes's Gadget Gallery.
  7510 | D:10     | Found Belon's Weapon Shoppe.
  7645 | D:10     | Lost mutation: You are completely covered in iridescent
                  | scales. (AC +6) [Jiyva's grace]
  7645 | D:10     | Lost mutation: You are mostly covered in iridescent scales.
                  | (AC +4) [Jiyva's grace]
  7645 | D:10     | Lost mutation: You are extremely strong-willed. (Will+++)
                  | [Jiyva's grace]
  7645 | D:10     | Gained mutation: Your muscles are strong. (Str +4, Int/Dex
                  | -1) [Jiyva's grace]
  7645 | D:10     | Gained mutation: Your muscles are very strong. (Str +8,
                  | Int/Dex -2) [Jiyva's grace]
  7645 | D:10     | Gained mutation: You have a small jelly attached to you
                  | that senses nearby items. [Jiyva's grace]
  7645 | D:10     | Gained mutation: You are mostly covered in iridescent
                  | scales. (AC +4) [Jiyva's grace]
  7725 | D:10     | Found a staircase to the Lair.
  7850 | D:11     | Noticed a two-headed ogre
  7854 | D:11     | Killed a two-headed ogre
  7861 | D:11     | Learned a level 5 spell: Blade Hands
  7965 | D:11     | Learned a level 3 spell: Mephitic Cloud
  8055 | D:11     | Identified the +3 dagger "Wuaxis" {heavy, *Corrode Str+8}
  8462 | Lair:1   | Entered Level 1 of the Lair of Beasts
  9705 | Lair:2   | Lost mutation: You are mostly covered in iridescent scales.
                  | (AC +4) [Jiyva's grace]
  9705 | Lair:2   | Lost mutation: Your flesh is almost immune to the effects
                  | of heat. (rF+++) [Jiyva's grace]
  9705 | Lair:2   | Lost mutation: You are highly strong-willed. (Will++)
                  | [Jiyva's grace]
  9705 | Lair:2   | Lost mutation: You are covered in slimy tendrils that may
                  | disarm your opponents. [Jiyva's grace]
  9705 | Lair:2   | Gained mutation: Your spells are a little harder to cast,
                  | but a little more powerful. [Jiyva's grace]
  9705 | Lair:2   | Gained mutation: Your spells are harder to cast, but more
                  | powerful. [Jiyva's grace]
  9705 | Lair:2   | Gained mutation: Your spells are much harder to cast, but
                  | much more powerful. [Jiyva's grace]
  9705 | Lair:2   | Gained mutation: You have a small jelly attached to you
                  | that may absorb projectiles. [Jiyva's grace]
  9778 | Lair:2   | Reached XP level 12. HP: 88/91 MP: 24/24
  9857 | Lair:2   | Found a hole to the Spider Nest.
  9975 | Lair:2   | Noticed a death yak
  9976 | Lair:2   | Noticed a death yak
  9977 | Lair:2   | Noticed a death yak
  9978 | Lair:2   | Noticed a death yak
  9978 | Lair:2   | Noticed a death yak
  9979 | Lair:2   | Noticed a death yak
  9987 | Lair:2   | Killed a death yak
  9991 | Lair:2   | Killed a death yak
  9995 | Lair:2   | Killed a death yak
  9996 | Lair:2   | Reached skill level 10 in Unarmed Combat
 10000 | Lair:2   | Killed a death yak
 10009 | Lair:2   | Killed a death yak
 10014 | Lair:2   | Killed a death yak
 10712 | Lair:3   | Found a staircase to the Swamp.
 10791 | Lair:3   | Noticed Amaemon
 10808 | Lair:3   | Killed Amaemon
 10809 | Lair:3   | Reached XP level 13. HP: 99/99 MP: 26/26
 10905 | Lair:3   | Got Zetu's Handbook of Damaging Vitiation
 10996 | Lair:3   | Found a frozen archway.
 11210 | Lair:3   | Lost mutation: Your flesh is very heat resistant. (rF++)
                  | [Jiyva's grace]
 11210 | Lair:3   | Gained mutation: You have large cloven feet. [Jiyva's
                  | grace]
 11210 | Lair:3   | Gained mutation: You have hoof-like feet. [Jiyva's grace]
 11210 | Lair:3   | Gained mutation: You have hooves in place of feet. [Jiyva's
                  | grace]
 11210 | Lair:3   | Gained mutation: Your body has grown eyes which may confuse
                  | attackers. (Acc +3) [Jiyva's grace]
 11234 | Lair:3   | Noticed Nessos
 11242 | Lair:3   | Shot with an arrow by Nessos

Illustrated notes

Levels and vault maps discovered:
D:1:      erik_arrival_triangle_small, layout_rooms,
          shapermc_ecumenical_altar_flowoftime
D:2:      layout_rooms, serial_shops, shop, kennysheep_doodads
D:3:      layout_basic, gammafunk_temple_overflow_elements
D:4:      layout_basic, minmay_temple_entry_wispy
D:5:      layout_basic, nicolae_gozag_zags_fifth_avenue,
          kennysheep_generic_room_5
D:6:      black_bear_nest_2, layout_loops_ring, gammafunk_ghost_stat_death,
          dreamdust_wishing_well, bh_walls_and_bars
D:7:      gammafunk_beogh_shrine, layout_layer_cave
D:8:      layout_layer_cave, uniq_psyche
D:9:      layout_roguey, serial_ice, serial_ice_m, serial_ice_k, serial_ice_n,
          serial_ice_b, serial_ice_d, serial_ice_c, serial_ice_o, serial_ice_h
D:10:     layout_small_grid, lair_entry_dummy, orc_0_dummy, serial_shops,
          nicolae_lakefront_shop, nicolae_shop_gadgets, uniq_josephine
D:11:     layout_long_grid
Lair:1:   layout_layer_cave, minivault_24
Lair:2:   layout_cave_pods, spider_nest_entry_webs
Lair:3:   cheibrodos_lair_river_kwai, layout_cave_pods,
          skrybe_swamp_entry_bodies, enter_volcano_3,
          portal_ice_cave_entry_ice_simulacra, chequers_serial_rivers_micro_b,
          grunt_megastairs_1, uniq_nessos, uniq_amaemon

Skill      XL: |  1  2  3  4  5  6  7  8  9 10 11 12 13 |
---------------+----------------------------------------+-----
Spellcasting   | 5 6 7 8 9 |  9.9
Invocations    | 1 2 3 4 5 6 7 8 9 |  9.2
Short Blades   | 1 2 3 5 6 7 8 |  8.4
Long Blades    | 1 2 3 5 6 7 8 |  8.4
Axes           | 1 2 3 5 6 7 8 |  8.4
Maces & Flails | 1 2 3 5 6 7 8 |  8.4
Polearms       | 1 2 3 5 6 7 8 |  8.4
Staves         | 1 2 3 5 6 7 8 |  8.4
Ranged Weapons | 1 2 3 5 6 7 8 |  8.4
Throwing       | 1 2 3 5 6 7 8 |  8.4
Armour         | 1 2 3 5 6 7 8 |  8.4
Stealth        | 1 2 3 5 6 7 8 |  8.4
Shields        | 1 2 3 5 6 7 8 |  8.4
Evocations     | 1 2 3 5 6 7 8 |  8.4
Conjurations   | 1 2 3 4 5 6 7 |  7.0
Hexes          | 1 2 3 4 5 6 7 |  7.0
Summonings     | 1 2 3 4 5 6 7 |  7.0
Necromancy     | 1 2 3 4 5 6 7 |  7.0
Translocations | 1 2 3 4 5 6 7 |  7.0
Fire Magic     | 1 2 3 4 5 6 7 |  7.0
Ice Magic      | 1 2 3 4 5 6 7 |  7.0
Air Magic      | 1 2 3 4 5 6 7 |  7.0
Earth Magic    | 1 2 3 4 5 6 7 |  7.0
Poison Magic   | 1 2 3 4 5 6 7 |  7.0
Fighting       | 3 4 5 6 7 8 |  8.9
Transmutations | 4 5 6 7 8 |  8.1
Dodging        | 5 6 7 8 9 |  9.6
Unarmed Combat | 7 8 9 10 | 10.7

Action                   |  1- 3 |  4- 6 |  7- 9 | 10-12 | 13-15 || total
-------------------------+-------+-------+-------+-------+-------++-------
Melee: Unarmed           |    85 |   133 |   182 |   347 |    62 ||   809
       Kick              |    13 |       |       |       |       ||    13
       Bite              |     5 |       |       |       |     7 ||    12
       Headbutt          |     3 |       |       |       |       ||     3
       Punch             |     1 |     1 |     1 |       |     1 ||     4
 Cast: Beastly Appendage |    15 |       |       |       |       ||    15
       Spider Form       |     1 |    22 |    14 |     2 |       ||    39
       Wereblood         |       |     1 |     2 |     1 |       ||     4
       Ice Form          |       |       |     7 |    28 |     4 ||    39
       Mephitic Cloud    |       |       |       |       |     3 ||     3
       Blade Hands       |       |       |       |       |     2 ||     2
Invok: Oozemancy         |       |       |     1 |     4 |       ||     5
       Slimify           |       |       |       |       |     1 ||     1
  Use: Scroll            |       |       |     8 |     7 |     1 ||    16
       Potion            |       |       |       |     2 |       ||     2
 Stab: Sleeping          |       |     2 |     1 |     2 |     2 ||     7
       Confused          |       |       |       |       |     5 ||     5
Armor: Robe              |    12 |     2 |       |     2 |     7 ||    23
       Skin              |     2 |     6 |    30 |    77 |    24 ||   139
Dodge: Dodged            |    42 |    84 |   138 |   178 |    38 ||   480
Block: Other             |     4 |    39 |    32 |    58 |     9 ||   142
       Reflection        |       |     1 |       |     2 |       ||     3

Table legend: (Time is in decaauts)
 A = Elapsed time spent in this place.
 B = Non-inter-level travel time spent in this place.
 C = Inter-level travel time spent in this place.
 D = Time resting spent in this place.
 E = Time spent auto-exploring this place.
 F = Levels seen in this place.
 G = Mean time per level.
                   A        B        C        D        E       F      G
               +--------+--------+--------+--------+--------+-----+--------+
         Total |  11120 |  10678 |    442 |    143 |   7919 |  14 |  794.3 |
       Dungeon |   8389 |   7989 |    400 |    125 |   5953 |  11 |  762.6 |
          Lair |   2731 |   2689 |     42 |     18 |   1966 |   3 |  910.3 |
               +--------+--------+--------+--------+--------+-----+--------+

Top non-repeatable levels by time:
     D:5: 1618 daAuts
  Lair:1: 1231 daAuts
  Lair:2: 979 daAuts
     D:7: 862 daAuts
     D:9: 845 daAuts
     D:8: 796 daAuts
    D:10: 734 daAuts
     D:6: 724 daAuts
     D:4: 646 daAuts
    D:11: 580 daAuts
     D:3: 566 daAuts
     D:1: 554 daAuts
  Lair:3: 520 daAuts
     D:2: 460 daAuts
